 Dungeon Crawl Stone Soup version 0.19.1-1-g22dce08 (webtiles) character file.

3353 Gargoyl the Covered (level 10, 0/83 HPs)
             Began as a Ghoul Abyssal Knight on Jan 18, 2017.
             Was an Elder of Lugonu.
             Killed by divine providence
             ... invoked by an orc priest
              (14 damage)
             ... on level 8 of the Dungeon.
             The game lasted 00:15:49 (5600 turns).

Gargoyl the Covered (Ghoul Abyssal Knight)          Turns: 5600, Time: 00:15:49

Health: 0/83       AC: 20    Str: 21    XL:     10   Next: 3%
Magic:  14/14      EV:  7    Int:  7    God:    Lugonu [****..]
Gold:   78         SH:  0    Dex: 10    Spells: 0 memorised, 9 levels left

rFire  . . .     SeeInvis .     h - +2 whip "Jiokeovo" {freeze, Stlth+}
rCold  + . .     Gourm    .     l - +5 plate armour
rNeg   + + +     Faith    .     (no shield)
rPois  ∞         Spirit   .     (no helmet)
rElec  .         Reflect  .     g - +1 cloak
rCorr  .         Harm     .     (no gloves)
MR     .....                    (no boots)
Stlth  ..........               (no amulet)
                                (no ring)
                                t - +3 ring of strength

@: very slightly contaminated, rotting, hasted, very quick
A: rotting body, claws 1, carnivore 3, cold resistance 1, negative energy
resistance 3, slow regeneration 1, torment resistance, unbreathing
a: Depart the Abyss, Bend Space, Banish, Corrupt, Renounce Religion


You were on level 8 of the Dungeon.
You worshipped Lugonu.
Lugonu was greatly pleased with you.
You were not hungry.

You visited 1 branch of the dungeon, and saw 8 of its levels.
You visited the Abyss 1 time.

You collected 282 gold pieces.
You spent 204 gold pieces at shops.

Inventory:

Hand Weapons
 a - a +1 hand axe
 h - the +2 whip "Jiokeovo" (weapon) {freeze, Stlth+}
   (You found it on level 4 of the Dungeon)

   It has been specially enchanted to freeze those struck by it, causing extra
   injury to most foes and up to half again as much damage against particularly
   susceptible opponents.
   It can also slow down cold-blooded creatures.
   It makes you more stealthy.
 k - a +1 war axe
 v - a +0 trident
Missiles
 f - a javelin (quivered)
Armour
 g - a +1 cloak (worn)
 l - a +5 plate armour (worn)
Jewellery
 t - a +3 ring of strength (left claw)
Wands
 r - a wand of iceblast (7/15)
 u - a wand of random effects (18/48)
 x - a wand of lightning (6/15)
Scrolls
 b - 5 scrolls of remove curse
 d - 10 scrolls of identify
 n - a scroll of magic mapping
 o - a scroll of teleportation
 w - a scroll of fog {unknown}
Potions
 e - a potion of ambrosia
 i - a potion of brilliance
 p - a potion of might
 s - 2 potions of flight {unknown}
Comestibles
 c - 4 meat rations
 m - 3 slices of pizza
 q - a royal jelly


   Skills:
 + Level 5.9 Fighting
 + Level 4.3(5.9) Axes
 + Level 6.2(6.9) Maces & Flails
 + Level 1.2 Throwing
 * Level 7.5 Armour
 + Level 1.3 Dodging
 * Level 6.6 Invocations


You had 9 spell levels left.
You didn't know any spells.

Dungeon Overview and Level Annotations

Branches:
Dungeon (8/15)             Temple (0/1) D:5
   Lair: D:8-11

Altars:
Sif Muna
Uskayaw
Yredelemnul

Shops:
D:5 =


Innate Abilities, Weirdness & Mutations

Your body is rotting away.
You thrive on raw meat.
You are immune to poison.
You have sharp fingernails.
You are carnivorous and can eat meat at any time.
Your flesh is cold resistant. (rC+)
You are immune to negative energy. (rN+++)
You regenerate slowly when monsters are visible.
You are immune to unholy pain and torment.
You can survive without breathing.


Message History

You barely miss the orc priest.
The orc priest is heavily wounded.
Unknown command.
You closely miss the orc priest.
The orc priest is heavily wounded.
Something hits you but does no damage. The orc hits you but does no damage.
The orc priest hits you with a short sword.
* * * LOW HITPOINT WARNING * * *
The orc warrior barely misses you.
Unknown command.
You feel yourself speed up. Something hits you but does no damage.
The orc hits you but does no damage.
The orc priest hits you with a short sword.
* * * LOW HITPOINT WARNING * * *
The orc warrior hits you with a battleaxe.
* * * LOW HITPOINT WARNING * * *
You are very lightly contaminated with residual magic.
The orc priest mumbles some strange prayers to Beogh against you.
Beogh smites you!
You die...

####........<...#
##...........#
#...........#
##..........##
#.......#####
#..##..### #..#
#..## ..#
##..###### .
###.@....#
##........#
#......o..#
##....oo..#
#......[.#
#........#
##.......#
#............
##...........


You could see an orc warrior, an orc priest and an orc.

Vanquished Creatures
  The ghost of bosm the Ruffian, a novice DDTm of Makhleb (D:7)
  Prince Ribbit (D:6)
  2 hippogriffs
  Sigmund (D:2)
  A human (D:5)
  An orc warrior (D:7)
  2 sky beasts (D:7)
  A phantom (D:6)
  2 necrophages
  A centaur (D:6)
  5 bullfrogs
  A water moccasin zombie (D:5)
  2 scorpions (D:4)
  The ghost of Zepp the Charmwright, a weakling HESk (D:3)
  2 howler monkeys
  2 crimson imps (D:7)
  A centaur zombie (D:6)
  A quasit (D:5)
  3 hounds
  A jelly (D:6)
  3 orc priests
  Crazy Yiuf (D:5)
  A bullfrog skeleton (D:8)
  3 orc wizards
  9 worker ants
  4 gnolls
  A howler monkey skeleton (D:7)
  4 adders
  A shadow imp (D:5)
  2 oozes
  An adder zombie (D:6)
  2 worms
  8 leopard geckos
  6 orcs
  6 bats
  5 giant cockroaches
  9 goblins
  8 hobgoblins
  14 jackals
  5 quokkas
  2 ball pythons
  4 frilled lizards
  A jackal skeleton (D:5)
  A jackal zombie (D:5)
  6 kobolds
  3 leopard gecko skeletons
  7 rats
149 creatures vanquished.

Notes
Turn   | Place    | Note
-------+----------+-------------------------------------------
     0 | Abyss:1  | Gargoyl the Ghoul Abyssal Knight began the quest for the Orb.
     0 | Abyss:1  | Reached XP level 1. HP: 19/19 MP: 1/1
     3 | Abyss:1  | Found a corrupted altar of Lugonu.
    53 | Abyss:1  | Noticed a large abomination
    63 | D:1      | Escaped the Abyss
   125 | D:1      | Reached * piety under Lugonu
   159 | D:1      | Reached skill level 2 in Armour
   159 | D:1      | Reached XP level 2. HP: 25/26 MP: 2/2
   492 | D:1      | Reached XP level 3. HP: 33/33 MP: 3/3
   732 | D:2      | Reached ** piety under Lugonu
   942 | D:2      | Noticed Sigmund
   970 | D:2      | Killed Sigmund
   970 | D:2      | Reached skill level 3 in Armour
   970 | D:2      | Reached skill level 1 in Dodging
   970 | D:2      | Reached XP level 4. HP: 25/40 MP: 3/5
   970 | D:2      | Reached XP level 5. HP: 29/46 MP: 3/6
  1078 | D:2      | Reached XP level 6. HP: 52/52 MP: 7/7
  1102 | D:3      | Noticed Zepp's ghost (weakling HESk)
  1158 | D:3      | Killed Zepp's ghost
  1745 | D:4      | Got a warped whip
  1746 | D:4      | Identified the cursed +2 whip "Jiokeovo" {freeze, Stlth+} (You found it on level 4 of the Dungeon)
  2031 | D:4      | Reached *** piety under Lugonu
  2214 | D:5      | Entered Level 5 of the Dungeon
  2305 | D:4      | Reached skill level 1 in Maces & Flails
  2305 | D:4      | Reached XP level 7. HP: 60/60 MP: 8/8
  2597 | D:5      | Found a runed door.
  2597 | D:5      | Noticed Crazy Yiuf
  2611 | D:5      | Killed Crazy Yiuf
  2770 | D:5      | Found a staircase to the Ecumenical Temple.
  2787 | D:5      | Found a runed door.
  2787 | D:5      | Noticed a human
  2798 | D:5      | Found a basalt altar of Yredelemnul.
  2821 | D:5      | Reached skill level 4 in Armour
  2879 | D:5      | Killed a human
  2879 | D:5      | Reached XP level 8. HP: 52/67 MP: 10/10
  3120 | D:5      | Found Fut Xeol's Jewellery Boutique.
  3461 | D:6      | Noticed a hippogriff
  3480 | D:6      | Killed a hippogriff
  3571 | D:6      | Reached skill level 5 in Armour
  3571 | D:6      | Reached skill level 5 in Invocations
  3774 | D:5      | Bought a +3 ring of strength for 204 gold pieces
  3867 | D:6      | Reached skill level 5 in Fighting
  4046 | D:6      | Reached XP level 9. HP: 58/74 MP: 12/12
  4060 | D:6      | Noticed Prince Ribbit
  4091 | D:6      | Killed Prince Ribbit
  4091 | D:6      | Reached **** piety under Lugonu
  4091 | D:6      | Reached skill level 6 in Armour
  4144 | D:6      | Found a deep blue altar of Sif Muna.
  4542 | D:7      | Reached skill level 5 in Maces & Flails
  4558 | D:7      | Found a hide-covered altar of Uskayaw.
  4584 | D:7      | Noticed bosm's ghost (novice DDTm)
  4643 | D:7      | Killed bosm's ghost
  4643 | D:7      | Reached skill level 1 in Throwing
  4776 | D:7      | Reached skill level 7 in Armour
  5510 | D:8      | Reached XP level 10. HP: 83/83 MP: 13/13
  5600 | D:8      | Killed from afar by an orc priest

Skill      XL: |  1  2  3  4  5  6  7  8  9 |
---------------+----------------------------+-----
Axes           | 2 3 4 |  4.3
Armour         | 2 3 4 5 7 |  7.5
Fighting       | 4 5 |  5.9
Dodging        | 1 |  1.3
Invocations    | 3 4 5 6 |  6.6
Maces & Flails | 1 2 4 6 |  6.2
Throwing       | 1 |  1.2

Action                   |  1- 3 |  4- 6 |  7- 9 | 10-12 || total
-------------------------+-------+-------+-------+-------++-------
Melee: Hand axe          |   167 |   120 |       |       ||   287
       Whip              |       |    75 |   619 |    42 ||   736
Throw: Javelin           |       |       |    13 |       ||    13
Invok: Depart the Abyss  |     1 |       |       |       ||     1
  Use: Scroll            |     2 |     2 |    11 |       ||    15
       Potion            |     1 |     8 |     1 |     1 ||    11
  Eat: Chunk             |    13 |    20 |    53 |     1 ||    87
Armor: Chain mail        |    48 |       |       |       ||    48
       Plate armour      |   106 |   113 |   483 |    42 ||   744
Dodge: Dodged            |    61 |    55 |   152 |    18 ||   286
